 Dungeon Crawl Stone Soup version 0.28.0 (webtiles) character file.

Game seed: 4497746164225360520

62 tilp the Chopper (level 4, -3/40 HPs)
             Began as a Hill Orc Fighter on Feb 12, 2022.
             Killed from afar by Sigmund (14 damage)
             ... with a puff of flame
             ... on level 2 of the Dungeon.
             The game lasted 00:01:30 (1238 turns).

tilp the Chopper (Hill Orc Fighter)                 Turns: 1238, Time: 00:01:30

Health: -3/40      AC: 11    Str: 20    XL:     4   Next: 8%
Magic:  4/4        EV:  5    Int:  8    God:
Gold:   68         SH:  4    Dex: 10    Spells: 3/3 levels left

rFire   . . .      SeeInvis .   a - +0 war axe
rCold   . . .      Faith    .   c - +0 buckler
rNeg    . . .      Spirit   .   g - +0 plate armour
rPois   .          Reflect  .   (no helmet)
rElec   .          Harm     .   (no cloak)
rCorr   .          Rampage  .   (no gloves)
Will    .....                   (no boots)
Stlth   ..........              (no amulet)
HPRegen 0.13/turn               (no ring)
MPRegen 0.09/turn               (no ring)

@: no status effects
A: no striking features
a: no special abilities


You were on level 2 of the Dungeon.
You visited 1 branch of the dungeon, and saw 2 of its levels.

You collected 68 gold pieces.

Inventory:

Hand Weapons
 a - a +0 war axe (weapon)
Missiles
 i - 34 stones (quivered)
Armour
 c - a +0 buckler (worn)
 g - a +0 plate armour (worn)
Potions
 b - a potion of brilliance {unknown}
 d - a potion of might
 e - a potion of curing
 h - a potion of haste {unknown}
 j - a potion of flight {unknown}


   Skills:
 - Level 4.0 Fighting
 * Level 5.4 Axes
 - Level 3.2 Armour
 - Level 3.2 Shields


You had 3 spell levels left.
You didn't know any spells.
Your spell library contained the following spells:

 Spells                   Type           Power      Damage    Failure   Level
 Pain                     Necr           0%         1d4       100%        1
 Summon Small Mammal      Summ           0%         N/A       100%        1
 Ensorcelled Hibernation  Hex/Ice        0%         N/A       100%        2
 Passwall                 Tmut/Erth      0%         N/A       100%        2
 Call Canine Familiar     Summ           0%         N/A       100%        3
 Summon Guardian Golem    Hex/Summ       0%         N/A       100%        3
 Swiftness                Air            0%         N/A       100%        3
 Agony                    Necr           0%         N/A       100%        5
 Excruciating Wounds      Necr           0%         N/A       100%        5


Dungeon Overview and Level Annotations

Branches:
Dungeon (2/15)

Altars:

Annotations:
D:2 dig vault, Sigmund


Message History

You block Sigmund's attack.
You closely miss Sigmund.
Sigmund is heavily wounded.
Sigmund casts a spell at you. The magic dart hits you.
Sigmund hits you with a +0 scythe.
You hit Sigmund but do no damage.
Sigmund is heavily wounded.
You hit Sigmund but do no damage.
Sigmund is heavily wounded.
You block Sigmund's attack.
You hit Sigmund but do no damage.
Sigmund is heavily wounded.
Sigmund hits you with a +0 scythe.
You slash Sigmund!
Sigmund is almost dead.
Sigmund points at you and mumbles some strange words.
You are confused.
You are too confused!
You are too confused!
Unknown command.
You are too confused!
You barely miss Sigmund.
Sigmund is almost dead.
Sigmund screams, "Die, monster!"
Sigmund hits you but does no damage.
You're too confused to move!
Sigmund gestures wildly while chanting.
Sigmund flickers and vanishes!
Deactivating autopickup; reactivate with Ctrl-A.
You bump into the translucent rock wall.
Something hits you!
You bump into the rock wall.
You feel less confused. Something hits you!
* * * LOW HITPOINT WARNING * * *
You barely miss something.
You hear some strange, mumbled words.
A puff of flame appears from out of thin air!
The puff of flame hits you!
You die...

#### .... ## ## ..#
..... .###. ..#
###.# ..#.. ..#
......#..# ...###.#
..........# ....#..#
##..#.###.. #.#...#
#..........##:##{##
.....# ##...#.#.@.##
#...#. #..#.....#..#
##..####.###...###.#
......##..#.....#..#
##..#.###...#.#...##
#.....###..#.##.##
#......##.##....#
#.........###.#.###
#......#### #.....#


There were no monsters in sight!

Vanquished Creatures
  Jessica (D:2)
  A worm (D:2)
  An endoplasm (D:2)
  2 giant cockroaches (D:1)
  3 hobgoblins (D:1)
  A jackal (D:1)
  6 ball pythons
  7 bats (D:1)
  3 frilled lizards (D:1)
  4 goblins
  A kobold (D:1)
  6 rats
36 creatures vanquished.

Notes
Turn   | Place    | Note
-------+----------+-------------------------------------------
     0 | D:1      | tilp the Hill Orc Fighter began the quest for the Orb.
     0 | D:1      | Reached XP level 1. HP: 19/19 MP: 1/1
    26 | D:1      | Reached skill level 3 in Axes
   155 | D:1      | Reached XP level 2. HP: 27/27 MP: 2/2
   430 | D:1      | Reached skill level 4 in Axes
   502 | D:1      | Reached XP level 3. HP: 26/33 MP: 3/3
  1132 | D:2      | Noticed Jessica
  1135 | D:2      | Killed Jessica
  1136 | D:2      | Reached skill level 5 in Axes
  1138 | D:2      | Reached XP level 4. HP: 39/40 MP: 4/4
  1222 | D:2      | Noticed Sigmund
  1238 | D:2      | Killed from afar by Sigmund

Illustrated notes

Levels and vault maps discovered:
D:1:      psy_arrival_basics, layout_loops_ring, minmay_heptomino_d4
D:2:      layout_loops_ring, basic_ecumenical_altar, serial_glass,
          glass_columns_a, glass_columns_a, glass_columns_a, glass_columns_a,
          glass_columns_a, glass_columns_a, glass_columns_a, glass_columns_a,
          minmay_strange_pillars, minmay_strange_pillars, item_on_display_a,
          uniq_crazy_yiuf_cottage, uniq_jessica, uniq_sigmund

Skill      XL: |  1  2  3 |
---------------+----------+-----
Axes           | 3 4 5 |  5.4
Fighting       | 4 |  4.0
Armour         | |  3.2
Shields        | |  3.2

Action                   |  1- 3 |  4- 6 || total
-------------------------+-------+-------++-------
Melee: War axe           |   105 |    14 ||   119
  Use: Scroll            |     2 |       ||     2
Armor: Plate armour      |    92 |     2 ||    94
       Scale mail        |     3 |       ||     3
Dodge: Dodged            |    37 |     1 ||    38
Block: Buckler           |    32 |     3 ||    35
